 Dungeon Crawl Stone Soup version 0.31-a0-675-g238779eb0a (webtiles) character file.

Game seed: 9375070064908043995

1985 Xavori the Covert (level 9, 0/47 HPs)
             Began as an Octopode Chaos Knight on Sept 6, 2023.
             Was a Plaything of Xom.
             Frozen to death by 0gre's ghost (2 damage)
             ... on level 6 of the Dungeon.
             The game lasted 00:07:02 (17103 turns).

Xavori the Covert (Octopode Chaos Knight)          Turns: 17103, Time: 00:07:03

Health: 0/47       AC:  1    Str: 19    XL:     9   Next: 21%
Magic:  8/8        EV: 15    Int: 13    God:    Xom [.*....]
Gold:   61         SH:  0    Dex: 20    Spells: 8/8 levels left

rFire   + . .        y - +3 dagger "Zilem" {spect, rElec rN+ Str+3}
rCold   + . .        (no shield)
rNeg    + . .        (helmet currently unavailable)
rPois   +            K - amulet of faith
rElec   +            n - +6 ring of strength
rCorr   .            (no ring)
SInv    .            (no ring)
Will    ++...        (no ring)
Stlth   ++++++       (no ring)
HPRegen 0.27/turn    (no ring)
MPRegen 0.11/turn    (no ring)
                     (no ring)

%: faith
@: beast-form
A: beast (slay +3), almost no armour, amphibious, 8 rings, camouflage 1,
gelatinous body 1, (nimble swimmer 1), tentacles, antennae 1, agile 1, cold
resistance 1, fire resistance 1, frail 2, low MP 1, strong-willed 2, poison
resistance, wild magic 1, MP-powered wands
a: Begin Untransformation, Renounce Religion


You were on level 6 of the Dungeon.
You worshipped Xom.
You were a plaything of Xom.
You were a hulking beast.
You visited 1 branch of the dungeon, and saw 6 of its levels.
You also visited: Sewer.

You collected 296 gold pieces.
You spent 235 gold pieces at shops.

Inventory:

Hand Weapons
 a - a +0 short sword of chaos
 y - the +3 dagger "Zilem" (weapon) {spect, rElec rN+ Str+3}
   (You bought it in a shop on level 2 of the Dungeon)

   Str+3:     It affects your strength (+3).
   rElec:     It insulates you from electricity.
   rN+:       It protects you from negative energy.
Missiles
 o - a throwing net
Jewellery
 n - a +6 ring of strength (left tentacle)
 t - a ring of fire
 K - an amulet of faith (around mantle)
Talismans
 h - a beast talisman (active)
 w - a maw talisman
Wands
 C - a wand of digging (2)
 D - a wand of quicksilver (5)
 E - a wand of paralysis (12)
Scrolls
 b - a scroll of butterflies
 c - a scroll of brand weapon {unknown}
 e - a scroll of immolation
 f - a scroll of fog
 k - 2 scrolls of poison
 p - a scroll of amnesia
 q - a scroll of enchant weapon {unknown}
 s - a scroll of teleportation {unknown}
 u - 4 scrolls of fear {unknown}
 v - a scroll of blinking {unknown}
 z - a scroll of vulnerability
 B - 4 scrolls of revelation
 H - a scroll of acquirement {unknown}
Potions
 d - a potion of berserk rage {unknown}
 g - 4 potions of heal wounds
 i - 3 potions of attraction {unknown}
 j - 2 potions of magic {unknown}
 l - 4 potions of curing
 m - a potion of lignification
 r - a potion of invisibility {unknown}
 x - a potion of resistance {unknown}
 A - 4 potions of mutation {unknown}
 F - 2 potions of cancellation {unknown}
 G - a potion of haste {unknown}
 I - 2 potions of brilliance {unknown}
 J - a potion of ambrosia {unknown}


   Skills:
 + Level 4.5 Fighting
 + Level 5.5 Short Blades
 + Level 3.5 Dodging
 + Level 10.8 Stealth
 * Level 1.1 Evocations
 * Level 5.3 Shapeshifting


You had 8 spell levels left.
You didn't know any spells.
Your spell library was empty.

Dungeon Overview and Level Annotations

Branches:
Dungeon (6/15)             Temple (0/1) D:4           Sewer (visited)

Altars:
Hepliaklqana
Kikubaaqudgha
Makhleb
Sif Muna
Xom

Shops:
D:2 (   D:4 *=

Annotations:
D:6 0gre's ghost, novice GnIE


Innate Abilities, Weirdness & Mutations

You are a hulking beast.
Your limbs bulge with bestial killing power. (Slay +3)
You cannot wear most types of armour.
You are amphibious.
You can wear up to eight rings at the same time.
Your skin changes colour to match your surroundings (Stealth+).
Your rubbery body absorbs attacks. (AC +1, EV +1)
((You are camouflaged when in or above water. (Stealth+)))
You have tentacles for arms and can constrict up to eight enemies at once.
You have a pair of small antennae on your head.
You are agile. (Dex +4, Str/Int -1)
Your flesh is cold resistant. (rC+)
Your flesh is heat resistant. (rF+)
You are very frail. (-20% HP)
Your magical capacity is low. (-10% MP)
You are highly strong-willed. (Will++)
Your system is resistant to poisons. (rPois)
Your spells are a little harder to cast, but a little more powerful.
You expend magic power (3 MP) to strengthen your wands.


Message History

You miss 0gre's ghost. 0gre's ghost is heavily damaged.
Your +3 dagger "Zilem" {spect, rElec rN+ Str+3} completely misses 0gre's ghost. 0gre's ghost hits you.
You hit 0gre's ghost but do no damage.
Your squeeze misses 0gre's ghost. 0gre's ghost is heavily damaged.
Your +3 dagger "Zilem" {spect, rElec rN+ Str+3} misses 0gre's ghost.
You hear Xom's avuncular chuckle. 0gre's ghost hits you!
You hit 0gre's ghost but do no damage. 0gre's ghost is heavily damaged.
Your +3 dagger "Zilem" {spect, rElec rN+ Str+3} closely misses 0gre's ghost. 0gre's ghost hits you.
You closely miss 0gre's ghost.
You squeeze 0gre's ghost! 0gre's ghost is severely damaged.
Your +3 dagger "Zilem" {spect, rElec rN+ Str+3} closely misses 0gre's ghost.
You barely miss 0gre's ghost.
You squeeze 0gre's ghost. 0gre's ghost is severely damaged.
Your +3 dagger "Zilem" {spect, rElec rN+ Str+3} barely misses 0gre's ghost. 0gre's ghost closely misses you.
You hit 0gre's ghost. 0gre's ghost is severely damaged.
Your +3 dagger "Zilem" {spect, rElec rN+ Str+3} barely misses 0gre's ghost. 0gre's ghost hits you!
* * * LOW HITPOINT WARNING * * *
Unknown command.
You hit 0gre's ghost. 0gre's ghost is severely damaged.
Your +3 dagger "Zilem" {spect, rElec rN+ Str+3} hits 0gre's ghost. 0gre's ghost hits you!
* * * LOW HITPOINT WARNING * * *
You closely miss 0gre's ghost. 0gre's ghost is severely damaged.
Your +3 dagger "Zilem" {spect, rElec rN+ Str+3} closely misses 0gre's ghost.
You hit 0gre's ghost. 0gre's ghost is almost destroyed.
Your +3 dagger "Zilem" {spect, rElec rN+ Str+3} closely misses 0gre's ghost. 0gre's ghost freezes you.
You are frozen.
You resist.
You die...

..#................# #...###.....
...............#######.....#.###.
......#........#.##.##..#..#.....
...##.##.......#~~~#######.##.##.
...#...........#.≈...### #.#..###
##.#...........'.#..##.###....# #
...............'≈..)~#...)....###
....)..........#.⌠..##.........#<
##.....##......#h.#~##...........
###.....###....##W(###.....##.#..
......#####....#######..(.#####..
......##.#...................#...
...[...#...........#.........##..
###.##..............##.#.##......
# ####..............####.###.....
#<............## #.# #<##..
##..#..#.#.....# #.# ####..


You could see 0gre's ghost and a friendly +3 dagger "Zilem" {spect, rElec rN+
Str+3}.

Vanquished Creatures
  Eustachio (D:5)
  Menkaure (D:5)
  Duvessa (D:4)
  2 ice beasts
  A sky beast (D:6)
  2 ogres
  The ghost of awesomeguy42 the Grave Robber, an amateur HuNe (D:3)
  A phantom (D:5)
  2 kobold brigands (Sewer)
  3 scorpions
  5 wights (D:6)
  Dowan (D:4)
  A hound (D:5)
  2 jellies
  An orc wizard (D:3)
  8 adders
  5 gnolls
  2 white imps (D:5)
  A worm (D:2)
  3 dart slugs
  6 orcs
  8 endoplasms
  15 giant cockroaches
  7 goblins
  7 hobgoblins
  13 jackals
  9 quokkas
  8 ball pythons
  11 bats
  7 frilled lizards
  13 kobolds
  8 rats
156 creatures vanquished.

Notes
Turn   | Place    | Note
-------+----------+-------------------------------------------
     0 | D:1      | Xavori the Octopode Chaos Knight began the quest for the
                  | Orb.
     0 | D:1      | Reached XP level 1. HP: 16/16 MP: 1/1
    31 | D:1      | XOM: butterfly on damage
    37 | D:1      | Reached XP level 2. HP: 8/21 MP: 2/2
    62 | D:1      | XOM: silly message
   143 | D:1      | Reached XP level 3. HP: 26/26 MP: 3/3
   194 | D:1      | XOM: silly message
   264 | D:1      | XOM: silly message
   461 | D:1      | Reached skill level 1 in Stealth
   623 | D:1      | Found a faded altar of an unknown god.
   624 | D:1      | XOM: divination: detect items
   837 | D:1      | XOM: give mutations
   837 | D:1      | Gained mutation: Potions are less effective at restoring
                  | your health. [Xom's mischief]
   837 | D:1      | Gained mutation: You are partially covered in iridescent
                  | scales. (AC +2) [Xom's mischief]
  1014 | D:2      | XOM is BORED!
  1014 | D:2      | XOM: give mutations
  1014 | D:2      | Lost mutation: You are partially covered in iridescent
                  | scales. (AC +2) [Xom's mischief]
  1014 | D:2      | Gained mutation: You sometimes lose your temper in combat.
                  | [Xom's mischief]
  1014 | D:2      | Gained mutation: You do not regenerate when monsters are
                  | visible. [Xom's mischief]
  1014 | D:2      | Gained mutation: You occasionally lose the ability to drink
                  | potions when taking damage. [Xom's mischief]
  1271 | D:2      | XOM: 3-stop teleportation journey
  1310 | D:2      | Reached XP level 4. HP: 8/32 MP: 4/4
  1414 | D:2      | XOM: god gift: 2 fuming coppery potions {god gift}
  1496 | D:2      | Found Edimot's Antique Weapon Emporium.
  2764 | D:1      | XOM: scenery: create altars
  4574 | D:1      | XOM is BORED!
  4574 | D:1      | XOM: give mutations
  4574 | D:1      | Gained mutation: You are frail. (-10% HP) [Xom's mischief]
  4574 | D:1      | Lost mutation: Potions are less effective at restoring your
                  | health. [Xom's mischief]
  4574 | D:1      | Gained mutation: You are very frail. (-20% HP) [Xom's
                  | mischief]
  6314 | D:1      | XOM: summons 2 hostile demons
  6315 | D:1      | Noticed a sun demon
  6738 | D:2      | XOM: 4-stop teleportation journey
  6820 | D:2      | XOM: give mutations
  6820 | D:2      | Gained mutation: You are weak. (Str -2) [Xom's mischief]
  6820 | D:2      | Lost mutation: You do not regenerate when monsters are
                  | visible. [Xom's mischief]
  6820 | D:2      | Gained mutation: You are vulnerable to heat. (rF-) [Xom's
                  | mischief]
  6837 | D:2      | Found an ancient bone altar of Kikubaaqudgha.
  6892 | D:2      | You fall into a shaft and drop 2 floors!
  6903 | D:4      | Found a hazy altar of Hepliaklqana.
  6922 | D:4      | Found a shimmering blue altar of Sif Muna.
  6925 | D:4      | Found Ivvuniol's Jewellery Emporium.
  6991 | D:4      | Noticed Dowan
  7015 | D:4      | XOM: cloud trail
  7022 | D:4      | Found a staircase to the Ecumenical Temple.
  7038 | D:4      | Noticed a scorpion
  7038 | D:4      | XOM: 2-stop teleportation journey
  7043 | D:4      | Killed a scorpion
  7044 | D:4      | Reached skill level 3 in Stealth
  7044 | D:4      | Reached skill level 1 in Shapeshifting
  7044 | D:4      | Reached XP level 5. HP: 25/29 MP: 5/5
  7579 | D:2      | XOM: 1-stop teleportation journey
  7656 | D:1      | XOM: cloud trail
  7733 | D:1      | XOM: stat loss: -1 Dex (13/14)
  7884 | D:1      | XOM: give mutations
  7884 | D:1      | Gained mutation: Your spells are a little harder to cast,
                  | but a little more powerful. [Xom's grace]
  7884 | D:1      | Lost mutation: You are weak. (Str -2) [Xom's grace]
  7896 | D:1      | XOM: summons 3 hostile demons
  7963 | D:2      | XOM: noise
  8686 | D:1      | XOM: noise
  8787 | D:1      | XOM: scenery: create altars
  9329 | D:1      | XOM: silly message
  9922 | D:1      | XOM: stat loss: -1 Str (10/11)
 10048 | D:1      | XOM is BORED!
 10048 | D:1      | XOM: give mutations
 10048 | D:1      | Lost mutation: You occasionally lose the ability to drink
                  | potions when taking damage. [Xom's mischief]
 10048 | D:1      | Gained mutation: Your magical capacity is low. (-10% MP)
                  | [Xom's mischief]
 10048 | D:1      | Gained mutation: You have a pair of small antennae on your
                  | head. [Xom's mischief]
 10048 | D:1      | Lost mutation: Your magical capacity is low. (-10% MP)
                  | [Xom's mischief]
 11304 | D:1      | XOM: god gift: 13 gold pieces
 11620 | D:1      | XOM: silly message
 11708 | D:1      | XOM: give mutation
 11708 | D:1      | Gained mutation: You have a pair of antennae on your head.
                  | [Xom's grace]
 11776 | D:1      | XOM: god gift: 6 stones
 12177 | D:1      | XOM: scenery: create altars
 12493 | D:1      | XOM: divination: detect items
 12762 | D:1      | XOM is BORED!
 12762 | D:1      | XOM: give mutations
 12762 | D:1      | Gained mutation: Your magical capacity is low. (-10% MP)
                  | [Xom's mischief]
 12762 | D:1      | Gained mutation: You expend magic power (3 MP) to
                  | strengthen your wands. [Xom's mischief]
 12762 | D:1      | Lost mutation: You have a pair of antennae on your head.
                  | [Xom's mischief]
 12762 | D:1      | Lost mutation: You are vulnerable to heat. (rF-) [Xom's
                  | mischief]
 12762 | D:1      | Gained mutation: Your flesh is heat resistant. (rF+) [Xom's
                  | mischief]
 13556 | D:1      | XOM: give mutations
 13556 | D:1      | Gained mutation: Your flesh is cold resistant. (rC+) [Xom's
                  | grace]
 13556 | D:1      | Lost mutation: You sometimes lose your temper in combat.
                  | [Xom's grace]
 13771 | D:2      | Bought an encrusted dagger for 140 gold pieces
 13771 | D:2      | Identified the +3 dagger "Zilem" {spect, rElec rN+ Str+3}
                  | (You bought it in a shop on level 2 of the Dungeon)
 13781 | D:2      | XOM: give mutations
 13781 | D:2      | Gained mutation: You are agile. (Dex +4, Str/Int -1) [Xom's
                  | grace]
 13781 | D:2      | Gained mutation: You are strong-willed. (Will+) [Xom's
                  | grace]
 13781 | D:2      | Gained mutation: Your system is resistant to poisons.
                  | (rPois) [Xom's grace]
 13781 | D:2      | Gained mutation: You are highly strong-willed. (Will++)
                  | [Xom's grace]
 13844 | D:2      | XOM: noise
 14041 | D:3      | XOM: confuse monster(s)
 14043 | D:3      | Reached skill level 4 in Stealth
 14066 | D:3      | Found a runed translucent gate.
 14067 | D:3      | Found a runed translucent gate.
 14068 | D:3      | Found a runed translucent gate.
 14078 | D:3      | Noticed awesomeguy42's ghost (amateur HuNe)
 14172 | D:3      | Reached XP level 6. HP: 28/34 MP: 5/5
 14337 | D:3      | XOM: god gift: 4 stones
 14399 | D:3      | XOM: god gift: grey potion {god gift}
 14576 | D:3      | Killed awesomeguy42's ghost
 14577 | D:3      | Reached skill level 5 in Stealth
 14679 | D:4      | XOM: god gift: sharpened ivory wand {god gift}
 14723 | D:4      | XOM: god gift: 2 stones
 14759 | D:4      | XOM: silly message
 14883 | D:4      | Reached skill level 6 in Stealth
 14883 | D:4      | Reached XP level 7. HP: 37/37 MP: 6/6
 14895 | D:4      | Found Riush's Specific Store.
 14897 | D:4      | Found Fyocsoj's General Store.
 14904 | D:4      | Bought a potion of curing for 30 gold pieces
 14908 | D:4      | Bought a potion of heal wounds for 65 gold pieces
 15160 | D:4      | Noticed Duvessa
 15169 | D:4      | Killed Duvessa
 15170 | D:4      | XOM: butterfly on damage
 15171 | D:4      | Killed Dowan
 15461 | D:5      | XOM: stealth player
 15461 | D:5      | Entered Level 5 of the Dungeon
 15499 | D:5      | Reached skill level 7 in Stealth
 15615 | D:5      | Reached XP level 8. HP: 43/43 MP: 7/7
 15618 | D:5      | Reached skill level 8 in Stealth
 15682 | D:5      | Noticed Menkaure
 15690 | D:5      | Killed Menkaure
 15761 | D:5      | Noticed Eustachio
 15767 | D:5      | Killed Eustachio
 15768 | D:5      | Reached skill level 9 in Stealth
 15792 | D:5      | XOM: noise
 16248 | D:6      | Found a large runed translucent door.
 16248 | D:6      | Found a large runed translucent door.
 16249 | D:6      | Noticed 0gre's ghost (novice GnIE)
 16257 | D:6      | Reached skill level 5 in Short Blades
 16280 | D:6      | Reached skill level 5 in Shapeshifting
 16300 | D:6      | Found a glowing drain.
 16321 | Sewer    | Entered a sewer
 16407 | Sewer    | XOM: noise
 16456 | Sewer    | Reached skill level 10 in Stealth
 16546 | Sewer    | Reached XP level 9. HP: 46/47 MP: 8/8
 16748 | D:6      | Found a burning altar of Makhleb.
 16845 | D:6      | Reached skill level 1 in Evocations
 17096 | D:6      | XOM: enchant monster (good)
 17101 | D:6      | HP: 1/47 [0gre's ghost (7)]
 17103 | D:6      | Frozen to death by 0gre's ghost

Illustrated notes

Levels and vault maps discovered:
D:1:      heliophobic_arrival_glass_houses, layout_loops_ring,
          shapermc_ecumenical_altar_mp_urbaneastern, minmay_tripent
D:2:      minmay_chambers_of_ones, layout_loops_ring, basic_altar, serial_shops,
          nicolae_shop_real_fake_doors, dreamdust_princess_corridor
D:3:      layout_loops_ring, gammafunk_ghost_split
D:4:      layout_basic, nzn_hepliaklqana_mist_gate, kennysheep_mini,
          minmay_temple_entry_ruins, serial_shops,
          nicolae_shop_just_a_little_nook, nicolae_specific_store,
          item_on_display_a, uniq_duvessa
D:5:      layout_basic, kennysheep_generic_room_4, uniq_menkaure, uniq_eustachio
D:6:      layout_cave_pools, mainiacjoe_overflow_boulevard,
          portal_sewer_entry_f, ebering_ghost_disaster_area

Skill      XL: |  1  2  3  4  5  6  7  8  9 |
---------------+----------------------------+-----
Stealth        | 1 3 4 6 7 10 | 10.8
Shapeshifting  | 1 2 3 5 |  5.3
Short Blades   | 4 5 |  5.5
Dodging        | 3 |  3.5
Fighting       | 4 |  4.5
Evocations     | 1 |  1.1

Action                     |  1- 3 |  4- 6 |  7- 9 || total
---------------------------+-------+-------+-------++-------
  Melee: Short sword       |    70 |    32 |       ||   102
         Tentacles         |    13 |    22 |    32 ||    67
         Constrict         |    12 |    22 |    20 ||    54
         Punch             |     2 |     1 |     2 ||     5
         Dagger            |       |    60 |   125 ||   185
  Evoke: Wand              |       |     1 |       ||     1
    Use: Potion            |       |     2 |       ||     2
         Scroll            |       |     1 |     7 ||     8
   Stab: Sleeping          |    13 |    21 |    22 ||    56
         Distracted        |       |     2 |     5 ||     7
         Confused          |       |     1 |       ||     1
 Armour: Skin              |    13 |    35 |    30 ||    78
  Dodge: Dodged            |    33 |    52 |    38 ||   123
   Form: Beast             |     1 |       |       ||     1

Table legend: (Time is in decaauts)
 A = Elapsed time spent in this place.
 B = Non-inter-level travel time spent in this place.
 C = Inter-level travel time spent in this place.
 D = Time resting spent in this place.
 E = Time spent auto-exploring this place.
 F = Levels seen in this place.
 G = Mean time per level.
                   A        B        C        D        E       F      G
               +--------+--------+--------+--------+--------+-----+--------+
         Total |  17057 |  16760 |    297 |  12252 |   3467 |   7 | 2436.7 |
       Dungeon |  16758 |  16461 |    297 |  12252 |   3271 |   6 | 2793.0 |
         Sewer |    299 |    299 |      0 |      0 |    196 |   1 |  299.0 |
               +--------+--------+--------+--------+--------+-----+--------+

Top non-repeatable levels by time:
     D:1: 11513 daAuts
     D:2: 2215 daAuts
     D:4: 998 daAuts
     D:3: 717 daAuts
     D:5: 705 daAuts
     D:6: 608 daAuts
   Sewer: 299 daAuts
